 Dungeon Crawl Stone Soup version 0.27-a0-684-g359e429f13 (webtiles) character file.

Game seed: 10933839071384735243

1508 DarkShadow the Ruffian (level 8, -3/75 HPs)
             Began as a Troll Fighter on Mar 20, 2021.
             Was an Initiate of Wu Jian.
             Slain by an orc warrior
             ... wielding a +0 trident
              (22 damage)
             ... on level 6 of the Dungeon.
             The game lasted 00:22:20 (5764 turns).

DarkShadow the Ruffian (Troll Fighter)              Turns: 5764, Time: 00:22:21

Health: -3/75      AC:  5    Str: 33    XL:     8   Next: 53%
Magic:  7/7        EV:  9    Int:  4    God:    Wu Jian [......]
Gold:   142        SH: 15    Dex:  9    Spells: 7/7 levels left

rFire    . . .     SeeInvis .     - Unarmed
rCold    . . .     Faith    .   b - +0 kite shield
rNeg     . . .     Spirit   .   a - +0 robe
rPois    .         Reflect  +   (helmet restricted)
rElec    .         Harm     .   n - +0 cloak
rCorr    .         Rampage  .   (gloves unavailable)
Will     .....                  (boots unavailable)
Stlth    +.........             h - amulet of reflection
HPRegen  1.22/turn              g - +4 ring of slaying
MPRegen  0.10/turn              l - +6 ring of strength

@: no status effects
A: large, unfitting armour, claws 3, regeneration 1, shaggy fur 1, tough skin 1
a: Renounce Religion


You were on level 6 of the Dungeon.
You worshipped Wu Jian.
Wu Jian was noncommittal.
You visited 1 branch of the dungeon, and saw 6 of its levels.

You collected 142 gold pieces.

Inventory:

Hand Weapons
 r - the +6 spear of Moshrymp {pain, +Inv rN+ Will+}
   (You found it on level 4 of the Dungeon)

   In the hands of one skilled in necromantic magic, it inflicts extra damage on
   living creatures.
   It protects you from negative energy.
   It affects your willpower, your defense against some magical effects.
   It lets you turn invisible.
 y - the +6 trident of Dithmenos {freeze, rPois}
   (You found it on level 6 of the Dungeon)

   It has been specially enchanted to freeze those struck by it, causing extra
   injury to most foes and up to half again as much damage against particularly
   susceptible opponents.
   It can also slow down cold-blooded creatures.
   It protects you from poison.
Armour
 a - a +0 robe (worn)
 b - a +0 kite shield (worn)
 n - a +0 cloak (worn)
 x - a scarf of shadows
Jewellery
 g - a +4 ring of slaying (right claw)
 h - an amulet of reflection (around neck)
 l - a +6 ring of strength (left claw)
 q - a ring of protection from cold
Wands
 t - a wand of random effects (8)
Scrolls
 f - 2 scrolls of teleportation {unknown}
 i - a scroll of vulnerability
 k - a scroll of immolation
 m - a scroll of fog
 o - a scroll of noise
 p - a scroll of torment
 u - a scroll of fear {unknown}
 v - a scroll of brand weapon
 w - 2 scrolls of enchant weapon {unknown}
 z - a scroll of acquirement {unknown}
Potions
 c - 2 potions of might
 d - 2 potions of curing
 e - 2 potions of cancellation
 j - a potion of invisibility
 s - a potion of brilliance {unknown}


   Skills:
 + Level 3.3 Fighting
 + Level 1.0 Polearms
 + Level 4.6 Dodging
 + Level 1.1 Stealth
 + Level 5.2 Shields
 + Level 7.0 Unarmed Combat


You had 7 spell levels left.
You didn't know any spells.
Your spell library contained the following spells:

 Spells                   Type           Power      Damage    Failure   Level
 Animate Skeleton         Necr           0%         N/A       77%         1
 Apportation              Tloc           0%         N/A       77%         1
 Corona                   Hex            0%         N/A       77%         1
 Summon Small Mammal      Summ           0%         N/A       77%         1
 Passwall                 Tmut/Erth      0%         N/A       88%         2
 Swiftness                Air            0%         N/A       88%         2
 Confusing Touch          Hex            0%         N/A       98%         3
 Gell's Gravitas          Tloc           0%         N/A       98%         3
 Passage of Golubria      Tloc           N/A        N/A       100%        4
 Petrify                  Tmut/Erth      0%         N/A       100%        4
 Lee's Rapid Deconstruct  Erth           0%         3d5*      100%        5
 Metabolic Englaciation   Hex/Ice        0%         N/A       100%        5
 Yara's Violent Unravell  Hex/Tmut       0%         3d3       100%        5
 Invisibility             Hex            0%         N/A       100%        6


Dungeon Overview and Level Annotations

Branches:
Dungeon (6/15)             Temple (0/1) D:6

Altars:
Sif Muna
Wu Jian

Shops:
D:4 *:?[   D:6 (!


Innate Abilities, Weirdness & Mutations

You are too large for most types of armour.
You have claws for hands.
Your natural rate of healing is unusually fast.
You are covered in fur. (AC +1)
You have tough skin. (AC +1)


Message History

The orc shouts!
You lunge at the orc.
You mangle the orc!!
You kill the orc!
The Council accepts your kill. You block the orc warrior's attack.
You see here a +0 flail.
You block the orc warrior's attack.
You barely miss the orc. You block the orc's attack.
The orc warrior hits you from afar with a +0 trident!
The orc closely misses you.
You mangle the orc!!
You kill the orc!
The Council accepts your kill. The orc warrior barely misses you.
You block the orc's attack.
You claw the orc wizard!
The orc wizard is almost dead.
The orc warrior hits you from afar with a +0 trident!
The orc wizard points at you and mumbles some strange words.
You resist with some effort. You block the orc's attack.
You closely miss the orc wizard.
The orc wizard is almost dead.
The orc warrior hits you from afar with a +0 trident!
You block the orc's attack. You block the orc wizard's attack.
You miss the orc wizard.
The orc wizard is almost dead.
The orc warrior hits you from afar with a +0 trident!
The orc wizard hits you with a +0 dagger.
* * * LOW HITPOINT WARNING * * *
You block the orc's attack.
You completely miss the orc wizard.
The orc wizard is almost dead.
You block the orc warrior's attack. The orc hits you with a +0 club.
* * * LOW HITPOINT WARNING * * *
The orc wizard points at you and mumbles some strange words.
You resist with some effort.
You mangle the orc wizard!!
You kill the orc wizard!
The Council accepts your kill.
The orc warrior hits you from afar with a +0 trident!!
You die...

..##....#.###.#
..##....#.....##.##....#
#8......#..##..#........
#>......#......#........
#8......#......#........
#......##.#....#........
#......##.##...#o.......
#.##......##..##.o......
.......####....)@#
.............>##.##
######....#........
#......#....###
#.##.#.#####.
#.##.#.#... .
..##.#.#.#######
#####.#.....)...#
#.....#####.#


You could see an orc warrior and an orc.

Vanquished Creatures
  Pikel (D:4)
  Edmund (D:6)
  Duvessa (D:5)
  A lemure (D:4)
  2 bullfrogs (D:6)
  Dowan (D:5)
  A scorpion (D:4)
  2 hounds
  3 orc priests
  A centaur skeleton (D:5)
  An iguana (D:4)
  2 orc wizards
  A worker ant (D:4)
  Robin (D:2)
  2 howler monkey skeletons
  6 adders
  12 gnolls
  A river rat (D:4)
  2 white imps (D:5)
  An ufetubus (D:5)
  An ooze (D:3)
  An adder skeleton (D:5)
  5 worms
  3 dart slugs
  3 leopard geckos
  15 orcs
  A ball python (D:4)
  7 bats
  5 giant cockroaches
  13 goblins
  10 hobgoblins
  2 jackals (D:5)
  3 quokkas
  4 frilled lizards
  5 kobolds
  A quokka skeleton (D:5)
  5 rats
127 creatures vanquished.

Notes
Turn   | Place    | Note
-------+----------+-------------------------------------------
     0 | D:1      | DarkShadow the Troll Fighter began the quest for the Orb.
     0 | D:1      | Reached XP level 1. HP: 22/22 MP: 0/0
   235 | D:1      | Reached XP level 2. HP: 29/29 MP: 1/1
   536 | D:2      | Reached XP level 3. HP: 36/36 MP: 2/2
   867 | D:2      | Reached XP level 4. HP: 44/44 MP: 3/3
  1212 | D:2      | Found a faded altar of an unknown god.
  1227 | D:2      | Became a worshipper of Sif Muna the Loreminder
  1227 | D:2      | Reached * piety under Sif Muna
  1260 | D:2      | Noticed Robin
  1265 | D:2      | Killed Robin
  1657 | D:3      | You fall into a shaft and drop 1 floor!
  1668 | D:4      | Reached skill level 3 in Unarmed Combat
  1668 | D:4      | Reached XP level 5. HP: 50/50 MP: 4/4
  1684 | D:4      | Noticed a lemure
  1685 | D:4      | Noticed a lemure
  1685 | D:4      | Noticed a lemure
  1685 | D:4      | Noticed a lemure
  1686 | D:4      | Noticed Pikel
  1692 | D:4      | Killed a lemure
  1701 | D:4      | Killed Pikel
  1702 | D:4      | Reached skill level 5 in Unarmed Combat
  1702 | D:4      | Reached XP level 6. HP: 18/61 MP: 5/5
  1702 | D:4      | Reached XP level 7. HP: 20/67 MP: 6/6
  1759 | D:4      | Found Dyrchula's Magic Scroll Boutique.
  1765 | D:4      | Found Xany's Antique Armour Boutique.
  2216 | D:3      | Reached ** piety under Sif Muna
  2663 | D:4      | Found Yklefaanuje's Book Boutique.
  2673 | D:4      | Found Vizesteng's Assorted Antiques.
  2701 | D:4      | Identified the +6 spear of Moshrymp {pain, +Inv rN+ Will+}
  2881 | D:5      | Entered Level 5 of the Dungeon
  2934 | D:5      | Reached skill level 6 in Unarmed Combat
  2939 | D:5      | HP: 3/67 [gnoll/+0 halberd (7)]
  3305 | D:5      | Found an ornate altar of the Wu Jian Council.
  3341 | D:5      | Fell from the grace of Sif Muna
  3341 | D:5      | Became a worshipper of the Wu Jian Council
  3374 | D:6      | Noticed Edmund
  3383 | D:6      | Killed Edmund
  3384 | D:6      | Reached XP level 8. HP: 75/75 MP: 7/7
  3388 | D:6      | Found Vabrusu's Distillery.
  3576 | D:5      | Noticed Duvessa
  3579 | D:5      | Noticed Dowan
  3590 | D:5      | Killed Duvessa
  3591 | D:5      | Killed Dowan
  3592 | D:5      | Reached skill level 5 in Shields
  5204 | D:6      | Reached skill level 1 in Polearms
  5204 | D:6      | Reached skill level 1 in Stealth
  5276 | D:6      | Found Parrum's Antique Weapon Emporium.
  5593 | D:6      | Identified the +6 trident of Dithmenos {freeze, rPois}
  5675 | D:6      | Found a staircase to the Ecumenical Temple.
  5694 | D:6      | Reached skill level 7 in Unarmed Combat
  5764 | D:6      | Slain by an orc warrior

Illustrated notes

Levels and vault maps discovered:
D:1:      wander_arrival_chamber, layout_basic, serial_bayou_crossing
D:2:      layout_loops_cross, chequers_ecumenical_altar_twisty, uniq_robin
D:3:      layout_rooms, minivault_4, glass_columns_a, minmay_fractal_squares_5
D:4:      layout_rooms, serial_shops, shop_statue, shop_statue, shop, shop,
          cheibrodos_sewer_entry_sluice, uniq_pikel
D:5:      layout_basic, general_overflow_altar, uniq_duvessa
D:6:      layout_basic, temple_statues, serial_shops, kennysheep_mini, shop,
          nicolae_shop_statue_plus, grunt_ministairs_13, uniq_edmund

Skill      XL: |  1  2  3  4  5  6  7  8 |
---------------+-------------------------+-----
Dodging        | 3 4 |  4.6
Shields        | 3 4 5 |  5.2
Unarmed Combat | 3 5 6 7 |  7.0
Fighting       | 3 |  3.3
Polearms       | 1 |  1.0
Stealth        | 1 |  1.1

Action                   |  1- 3 |  4- 6 |  7- 9 || total
-------------------------+-------+-------+-------++-------
Melee: Unarmed           |    90 |    57 |   159 ||   306
       Spear             |       |       |    13 ||    13
Invok: Lunge             |       |       |     6 ||     6
  Use: Scroll            |       |     3 |    10 ||    13
       Potion            |       |       |     2 ||     2
Armor: Robe              |    25 |     9 |    16 ||    50
Dodge: Dodged            |    40 |    17 |    40 ||    97
Block: Kite shield       |    60 |    25 |   155 ||   240
       Reflection        |       |       |     2 ||     2

Table legend: (Time is in decaauts)
 A = Elapsed time spent in this place.
 B = Non-inter-level travel time spent in this place.
 C = Inter-level travel time spent in this place.
 D = Time resting spent in this place.
 E = Time spent auto-exploring this place.
 F = Levels seen in this place.
 G = Mean time per level.
                   A        B        C        D        E       F      G
               +--------+--------+--------+--------+--------+-----+--------+
         Total |   5797 |   5790 |      7 |   1948 |   1443 |   6 |  966.2 |
       Dungeon |   5797 |   5790 |      7 |   1948 |   1443 |   6 |  966.2 |
               +--------+--------+--------+--------+--------+-----+--------+

Top non-repeatable levels by time:
     D:5: 2256 daAuts
     D:2: 1265 daAuts
     D:4: 682 daAuts
     D:6: 632 daAuts
     D:3: 594 daAuts
     D:1: 366 daAuts
